AoeStats
← PosingArtist511

MegaRandom

509132163Analyzed
4v4 RM · 7d ago on Sep 25, 2026· 73m 9s· 8 players
Game mode
Random Map
Map size
Large (8 player)
Population
200
Speed
Normal
Resources
Standard
Victory
Conquest
Starting age
Dark Age
Ending age
Imperial Age
RankedLock teamsTeams togetherTeam positionsShared explorationLock speedFull tech treeHidden civsTurbo modeCheats
Victory
Defeat
🇬🇧 Lithuanians · United Kingdom
793
+8
🇻🇳 Spanish · Vietnam
639
+13
🇹🇼 Malay · Taiwan
531
+17
🇯🇵 Varangians · Japan
424
+21
🇺🇸 Aztecs · United States
630
-17
🇳🇴 Franks · Norway
590
-16
🇮🇹 Turks · Italy
572
-15
487
-11
bensigvald
6:50 Loom
19:38 Feudal Age
21:37 Wheelbarrow
20:48 Town Watch
24:50 Double-Bit Axe
27:49 Gold Mining
33:05 Castle Age
34:23 Hand Cart
40:54 Bow Saw
41:40 Fortified Wall
44:42 Imperial Age
42:28 Stone Mining
45:53 Caravan
49:23 Pikeman
50:04 Squires
54:06 Conscription
(Aztlan905)
5:28 Loom
15:48 Feudal Age
16:23 Town Watch
17:49 Double-Bit Axe
18:23 Horse Collar
19:40 Wheelbarrow
22:14 Gold Mining
27:05 Castle Age
25:03 Stone Mining
25:41 Forging
29:21 Hand Cart
30:25 Bow Saw
35:21 Iron Casting
36:03 Fervor
36:14 Sanctity
35:57 Squires
37:44 Heavy Plow
45:39 Imperial Age
43:44 Pikeman
44:25 Scale Mail Armor
45:06 Town Patrol
45:30 Chain Mail Armor
45:55 Caravan
47:24 Conscription
50:01 Crop Rotation
51:13 Blast Furnace
50:41 Illumination
52:04 Siege Engineers
52:28 Ballistics
53:03 Plate Mail Armor
53:04 Elite Jaguar Warrior
55:32 Garland Wars
56:48 Eagle Warrior
PosingArtist511
6:55 Loom
19:13 Feudal Age
20:36 Wheelbarrow
21:23 Horse Collar
25:42 Double-Bit Axe
29:45 Castle Age
31:22 Bow Saw
34:24 Stone Mining
38:32 Ballistics
40:29 Fortified Wall
44:57 Murder Holes
47:16 Caravan
51:55 Imperial Age
s.kadlcik matap 88 (Tomasek)
12:53 Loom
28:23 Feudal Age
29:26 Horse Collar
30:41 Gold Mining
30:42 Stone Mining
33:21 Forging
35:19 Castle Age
40:19 Gold Shaft Mining
40:06 Padded Archer Armor
Benthebrit20
17:46 Feudal Age
17:22 Loom
19:01 Horse Collar
19:11 Double-Bit Axe
26:47 Castle Age
26:25 Stone Mining
30:15 Wheelbarrow
29:20 Light Cavalry
31:59 Forging
35:31 Scale Barding Armor
43:08 Imperial Age
43:49 Iron Casting
43:35 Chain Barding Armor
43:53 Bow Saw
44:03 Heavy Plow
44:07 Elite Skirmisher
44:30 Elite Leitis
45:31 Conscription
46:54 Pikeman
47:46 Halberdier
50:22 Squires
50:25 Scale Mail Armor
51:05 Cavalier
60:51 Hill Forts
60:15 Man-at-Arms
60:42 Arson
61:23 Chain Mail Armor
61:09 Padded Archer Armor
69:53 Spies/Treason
PremixedHail436
4:10 Loom
20:45 Feudal Age
22:12 Wheelbarrow
21:31 Town Watch
21:56 Man-at-Arms
22:59 Horse Collar
23:56 Double-Bit Axe
29:31 Stone Mining
30:10 Forging
30:01 Padded Archer Armor
30:02 Scale Mail Armor
30:08 Scale Barding Armor
33:14 Arson
36:58 Bloodlines
36:59 Fletching
39:01 Gold Mining
41:20 Castle Age
42:15 Bow Saw
42:25 Hand Cart
44:24 Vendel Legacy
45:20 Husbandry
45:46 Squires
46:19 Gambesons
46:26 Light Cavalry
46:49 Elite Skirmisher
51:21 Murder Holes
51:07 Treadmill Crane
51:38 Masonry
52:17 Long Swordsman
55:33 Guard Tower
58:01 Town Patrol
58:21 Leather Archer Armor
58:14 Devotion
58:26 Fervor
60:01 Stone Shaft Mining
60:13 Heavy Plow
63:18 Caravan
67:20 Pikeman
74:17 Imperial Age
72:12 Ballistics
71:57 Bodkin Arrow
72:37 Iron Casting
72:18 Chain Mail Armor
72:46 Chain Barding Armor
MA323
14:01 Loom
18:15 Feudal Age
18:05 Double-Bit Axe
26:54 Horse Collar
32:52 Wheelbarrow
35:27 Castle Age
35:17 Heavy Plow
37:19 Bow Saw
38:47 Gold Mining
38:49 Stone Mining
43:28 Forging
43:08 Fletching
42:51 Elite Skirmisher
45:19 Bodkin Arrow
45:25 Padded Archer Armor
48:12 Town Watch
50:22 Husbandry
51:00 Thumb Ring
55:44 Ballistics
55:06 Treadmill Crane
55:41 Masonry
61:35 Squires
64:40 Iron Casting
67:51 Imperial Age
66:41 Onager
72:18 Chemistry
Tie
17:03 Feudal Age
17:43 Double-Bit Axe
18:44 Horse Collar
24:14 Castle Age
23:01 Gold Mining
24:34 Stone Mining
25:20 Bow Saw
30:17 Heavy Plow
31:59 Bloodlines
31:58 Caravan
32:59 Wheelbarrow
34:52 Husbandry
34:13 Light Cavalry
34:59 Padded Archer Armor
35:10 Forging
37:27 Hand Cart
42:17 Imperial Age
43:02 Leather Archer Armor
42:39 Fletching
43:58 Chemistry
42:28 Elite Conquistador
43:51 Stone Shaft Mining
44:14 Hussar
45:30 Ring Archer Armor
45:37 Iron Casting
44:57 Bodkin Arrow
47:10 Loom
47:50 Conscription
52:56 Blast Furnace
51:59 Scale Mail Armor
57:29 Pikeman
58:10 Squires
57:56 Arson
64:10 Spies/Treason
Connection lost

Rejoining the realm…

Still unreachable

The connection could not be restored.

Session expired

The server has moved on; the page needs a fresh start.